 Dungeon Crawl Stone Soup version 0.14-a0-629-g748cab2 (webtiles) character file.

658 PolkaDot the Jinx (level 6, -12/41 HPs)
             Began as a Vampire Enchanter on Nov 5, 2013.
             Killed by divine providence
             ... invoked by an orc priest
              (17 damage)
             ... on Level 4 of the Dungeon.
             The game lasted 00:11:32 (2695 turns).

PolkaDot the Jinx (Vampire Enchanter)               Turns: 2695, Time: 00:11:32

HP -12/41        AC  4     Str  7      XL: 6   Next: 97%
MP   9/14        EV 12     Int 19      God:
Gold 152         SH  0     Dex 14      Spells:  3 memorised,  5 levels left

Res.Fire  : . . .   See Invis. : +   k - +3,+2 elf dagger
Res.Cold  : . . .   Warding    : .   b - +1 robe
Life Prot.: . . .   Conserve   : .   (no shield)
Res.Poison: .       Res.Corr.  : .   (no helmet)
Res.Elec. : .       Clarity    : .   (no cloak)
Sust.Abil.: + .     Spirit.Shd : .   a - +0 pair of gauntlets
Res.Mut.  : .       Stasis     : .   (no boots)
Res.Rott. : .       Flight     : .   (no amulet)
Saprovore : . . .                    (no ring)
                                     m - ring of sustain abilities {unknown}

@: regenerating quickly, slightly resistant to hostile enchantments, stealthy
A: bottle blood, fangs 3, see invisible, unbreathing
a: Bottle Blood


You were on level 4 of the Dungeon.
You were full.

You visited 1 branch of the dungeon, and saw 4 of its levels.

You collected 152 gold pieces.

Inventory:

Hand weapons
 k - a +3,+2 elven dagger (weapon)
Missiles
 d - 12 darts (quivered)
Armour
 a - a +0 pair of gauntlets (worn)
 b - a +1 robe (worn)
Scrolls
 f - 2 scrolls of fear {unknown}
 i - a scroll of enchant armour {unknown}
 j - 3 scrolls of remove curse {unknown}
 l - 2 scrolls of identify {unknown}
 n - a scroll of curse weapon {unknown}
 o - a scroll of noise {unknown}
 p - a scroll of teleportation {unknown}
 q - a scroll of random uselessness {unknown}
 s - a scroll of magic mapping {unknown}
Jewellery
 m - a ring of sustain abilities (left hand) {unknown}
Potions
 e - a potion of speed {unknown}
Books
 c - a book of Maledictions

   Spells                             Type                      Level
   *Corona                            Hexes                        1
   *Sure Blade                        Hexes/Charms                 2
   Ensorcelled Hibernation            Hexes/Ice                    2
   *Confuse                           Hexes                        3
   Enslavement                        Hexes                        4
   Invisibility                       Hexes                        6
 r - a Grand Grimoire {highlevel}

   This book is beyond your current level of understanding.

   Spells                             Type                      Level
   Demonic Horde                      Summoning                    6
   Mass Abjuration                    Summoning                    6
   Haunt                              Necromancy/Summoning         7
   Summon Greater Demon               Summoning                    7
   Malign Gateway                     Summoning/Translocation      7
   Summon Horrible Things             Summoning                    8


   Skills:
 - Level 3.1 Short Blades
 - Level 0.7 Throwing
 - Level 2.1 Dodging
 - Level 3.0 Stealth
 + Level 3.3 Spellcasting
 * Level 9.2 Hexes


You had 5 spell levels left.
You knew the following spells:

 Your Spells              Type           Power        Failure   Level  Hunger
A - Corona                Hex            #####..      1%          1    None
B - Sure Blade            Hex/Chrm       ###.......   4%          2    ##.....
C - Confuse               Hex            #####...     1%          3    ###....


Dungeon Overview and Level Annotations

Branches:
Dungeon (4/27)
 Temple: D:4-7

Altars:

Annotations:
D:3 lauthentik's ghost, average OgHu
D:4 Blork the orc; Edmund


Innate Abilities, Weirdness & Mutations

Your natural rate of healing is unusually fast.
You can bottle blood from corpses.
You have razor-sharp teeth.*
You have supernaturally acute eyesight.
You can survive without breathing.*


Message History

Aiming: Confuse
Press: ? - help, Shift-Dir - straight line, f - orc priest, p - Blork the orc
Aim: an orc priest wearing an orcish chain mail The orc priest resists with some effort.
The kobold closely misses you. Blork the orc misses you.
An orc priest comes into view.
Blork the orc screams, "I'm much stronger than you!"
Edmund asks, "Have you met my wondrous brother?"
Blork the orc casts a spell at you. The puff of flame hits you!
* * * LOW HITPOINT WARNING * * *
Blork the orc closely misses you.
The orc throws a tomahawk.
The tomahawk hits you!
* * * LOW HITPOINT WARNING * * *
You see here a tomahawk.
Blork the orc hits you with an orcish great mace.
* * * LOW HITPOINT WARNING * * *
The orc priest calls down the wrath of Beogh upon you.
Something smites you!
You die...

. #.....o...............
...#.....................#
#.....................##
#.....................#
#...#.@o.........[...##
#####.(.K............#
#......oo............#
####..................###
#..........@.......%###
#...................##
#....................#
####......)<.........##
#..................##
##..................#
#......<...........#
####...............#
#...........#####


You could see Edmund, Blork the orc, 2 orc priests, an orc and a kobold.

Vanquished Creatures
  Grinder (D:3)
  A hound (D:3)
  A worker ant (D:4)
  An orc priest (D:3)
  2 orc wizards
  3 halflings (D:3)
  Jessica (D:3)
  3 adders
  A giant mite (D:3)
  A giant gecko (D:2)
  6 orcs (D:3)
  A ball python (D:3)
  6 giant cockroaches
  6 hobgoblins
  2 quokkas
  10 bats
  2 giant newts (D:2)
  6 goblins
  8 kobolds
  A kobold skeleton (D:4)
  8 rats
  A plant (D:3)
72 creatures vanquished.

Notes
Turn   | Place    | Note
--------------------------------------------------------------
     0 | D:1      | PolkaDot, the Vampire Enchanter, began the quest for the Orb.
     0 | D:1      | Reached XP level 1. HP: 13/13 MP: 4/4
   457 | D:1      | Reached XP level 2. HP: 19/19 MP: 5/5
   957 | D:2      | Reached XP level 3. HP: 21/24 MP: 6/6
   962 | D:2      | Learned a level 3 spell: Confuse
  1007 | D:2      | Reached skill level 5 in Hexes
  1541 | D:3      | Noticed Grinder
  1557 | D:3      | Killed Grinder
  1557 | D:3      | Reached skill level 7 in Hexes
  1557 | D:3      | Reached XP level 4. HP: 30/30 MP: 1/9
  1557 | D:3      | Reached XP level 5. HP: 35/35 MP: 1/11
  1557 | D:3      | Reached XP level 6. HP: 41/41 MP: 1/13
  1587 | D:3      | Reached skill level 8 in Hexes
  1653 | D:3      | Noticed Jessica
  1758 | D:3      | Killed Jessica
  1873 | D:3      | Learned a level 2 spell: Sure Blade
  2560 | D:3      | Reached skill level 9 in Hexes
  2609 | D:3      | Noticed lauthentik's ghost (average OgHu)
  2677 | D:4      | Noticed Blork the orc
  2678 | D:4      | Noticed Edmund
  2695 | D:4      | Killed from afar by an orc priest

Action                   |  1- 3 |  4- 6 || total
-------------------------+-------+-------++-------
Melee: Dagger            |    94 |   198 ||   292
 Cast: Confuse           |     3 |    20 ||    23
       Sure Blade        |       |     2 ||     2
       Corona            |       |     1 ||     1
  Use: Potion            |       |     6 ||     6
 Stab: Sleeping          |     9 |     2 ||    11
       Confused          |     2 |     8 ||    10
